 Dungeon Crawl Stone Soup version 0.27.1-1-g398f81649c (webtiles) character file.

Game seed: 3908343065878938887

7492 VictoriousLee the Carver (level 11, -1/75 (84) HPs)
             Began as a Barachi Fighter on Sept 5, 2021.
             Was an Initiate of Gozag.
             Slain by an eight-headed hydra (7 damage)
             ... on level 9 of the Dungeon on Sept 6, 2021.
             The game lasted 01:03:57 (12880 turns).

VictoriousLee the Carver (Barachi Fighter)         Turns: 12880, Time: 01:03:58

HP:   -1/75 (84)    AC: 15    Str: 21    XL:     11   Next: 16%
MP:   21/21         EV:  8    Int: 11    God:    Gozag
Gold: 372           SH: 15    Dex: 11    Spells: 18/24 levels left

rFire    + . .     SeeInvis +   A - +5 flail of the Horn {vorpal, Int+2}
rCold    . . .     Faith    .   c - +0 kite shield
rNeg     . . .     Spirit   .   s - +2 scale mail {rF+}
rPois    +         Reflect  +   E - +0 helmet
rElec    .         Harm     .   y - +0 cloak
rCorr    .         Rampage  .   h - +3 pair of gauntlets of War {Slay+5}
Will     .....                  (no boots)
Stlth    ..........             N - amulet of reflection
HPRegen  0.22/turn              K - ring of see invisible
MPRegen  0.17/turn              q - ring of poison resistance

@: heavily drained, slow
A: amphibious, slowness 1, strong legs 1, +LOS
a: Hop, Renounce Religion, Potion Petition, Call Merchant, Bribe Branch


You were on level 9 of the Dungeon.
You worshipped Gozag.
Gozag was aware of your devotion.
You visited 3 branches of the dungeon, and saw 11 of its levels.

You collected 873 gold pieces.
You spent 445 gold pieces at shops.
You paid 56 gold pieces to Gozag.

Inventory:

Hand Weapons
 a - a +0 long sword
 d - a +0 trident of freezing
 n - a +1 vampiric short sword
 t - a +2 dagger of speed
 A - the +5 flail of the Horn (weapon) {vorpal, Int+2}
   (You bought it in a shop on level 9 of the Dungeon)

   It inflicts extra damage upon your enemies.
   Int:       It affects your intelligence (+2).
 B - a +2 spectral quarterstaff
 M - a +2 dagger of speed
 O - a +2 flail of protection
Missiles
 e - 280 stones
 i - 2 javelins
 k - 41 poisoned darts
 m - 8 silver javelins
 o - 287 arrows
 D - 7 curare-tipped darts
 F - 4 throwing nets
Armour
 c - a +0 kite shield (worn)
 h - the +3 pair of gauntlets of War (worn) {Slay+5}
   (You acquired it on level 9 of the Dungeon)

   Slay:      It affects your accuracy & damage with ranged weapons and melee
   (+5).
 s - a +2 scale mail of fire resistance (worn)
 y - a +0 cloak (worn)
 z - the +1 hat of the Marlin {Rampage *Corrode rC- Str+6}
   (You found it on level 5 of the Dungeon)

   Str:       It affects your strength (+6).
   rC:        It makes you vulnerable to cold.
   *Corrode:  It may corrode you when you take damage.
   Rampage:   It bestows one free step when moving towards enemies.
 E - a +0 helmet (worn)
 G - a +0 ring mail
Magical Staves
 Q - a staff of cold
Jewellery
 g - an amulet of guardian spirit
 l - a ring of magical power
 q - a ring of poison resistance (right hand)
 J - a ring of resist corrosion
 K - a ring of see invisible (left hand)
 N - an amulet of reflection (around neck)
Wands
 w - a wand of charming (4)
 H - a wand of iceblast (10)
 I - a wand of mindburst (13)
 R - a wand of acid (7)
Scrolls
 f - a scroll of amnesia {unknown}
 j - 3 scrolls of immolation {unknown}
 r - 2 scrolls of teleportation
 u - 2 scrolls of summoning {unknown}
 v - 4 scrolls of noise {unknown}
 C - 2 scrolls of enchant armour {unknown}
Potions
 b - 4 potions of curing
 x - 2 potions of flight
 L - a potion of heal wounds
 P - a potion of attraction
 S - a potion of mutation {unknown}
Miscellaneous
 p - a phial of floods


   Skills:
 - Level 7.1 Fighting
 - Level 14.0 Long Blades
 * Level 0.0 Maces & Flails
 - Level 3.6 Armour
 - Level 7.0 Shields
 - Level 7.0 Spellcasting
 - Level 4.2 Conjurations
 - Level 4.2 Summonings


You had 18 spell levels left.
You knew the following spells:

 Your Spells              Type           Power      Damage    Failure   Level
a - Iskenderun's Mystic   Conj/Tloc      8%         2d4       99%         4
b - Call Imp              Summ           13%        N/A       34%         2

Your spell library contained the following spells:

 Spells                   Type           Power      Damage    Failure   Level
 Magic Dart               Conj           52%        1d5       22%         1
 Corona                   Hex            3%         N/A       78%         1
 Dazzling Flash           Conj/Hex       16%        N/A       86%         3
 Ensorcelled Hibernation  Hex/Ice        6%         N/A       89%         2
 Mephitic Cloud           Conj/Pois/Air  6%         N/A       91%         3
 Tukima's Dance           Hex            3%         N/A       98%         3
 Yara's Violent Unravell  Hex/Tmut       1%         3d3       100%        5
 Starburst                Conj/Fire      4%         6d3       100%        6


Dungeon Overview and Level Annotations

Branches:
Dungeon (9/15)             Temple (1/1) D:7            Lair (1/6) D:8
    Orc: D:9-12

Altars:
Cheibriados
Dithmenos
Elyvilon
Fedhas
Gozag
Hepliaklqana
Kikubaaqudgha
Nemelex Xobeh
Okawaru
Qazlal
Ru
Sif Muna
Trog
Uskayaw
Wu Jian
Xom
Yredelemnul
Zin
The Shining One

Shops:
D:3 *   D:5 :   D:7 (   D:8 *(   D:9 (


Innate Abilities, Weirdness & Mutations

You are amphibious.
You cover ground slowly.
You can hop short distances.
You have an extended range of vision and can be seen from far away.


Message History

You lop one of the seven-headed hydra's heads off!
The six-headed hydra grows two more!
You slash the eight-headed hydra!
The eight-headed hydra is moderately wounded.
You feel clever.
A - the +5 flail of the Horn (weapon)
{vorpal, Int+2} The eight-headed hydra bites you but does no damage. x3
You block the eight-headed hydra's attack.
The eight-headed hydra barely misses you.
You block the eight-headed hydra's attack. x2
The eight-headed hydra bites you!
You bludgeon the eight-headed hydra!!
The eight-headed hydra is severely wounded.
You block the eight-headed hydra's attack.
The eight-headed hydra bites you but does no damage.
You block the eight-headed hydra's attack.
The eight-headed hydra bites you.
You block the eight-headed hydra's attack.
The eight-headed hydra bites you!
The eight-headed hydra bites you but does no damage. x2
You barely miss the eight-headed hydra.
The eight-headed hydra is severely wounded.
The eight-headed hydra bites you but does no damage.
You block the eight-headed hydra's attack.
The eight-headed hydra bites you but does no damage.
The eight-headed hydra bites you. x2; The eight-headed hydra bites you!
The eight-headed hydra closely misses you.
You block the eight-headed hydra's attack.
The eight-headed hydra bites you. x2
* * * LOW HITPOINT WARNING * * *
The eight-headed hydra bites you.
* * * LOW HITPOINT WARNING * * *
The eight-headed hydra bites you but does no damage.
You block the eight-headed hydra's attack.
The eight-headed hydra bites you!
* * * LOW HITPOINT WARNING * * *
The eight-headed hydra bites you.
* * * LOW HITPOINT WARNING * * *
The eight-headed hydra bites you!
You die...
Your body crumbles into a pile of gold.

.......#.......#.............#
.......#.......#.............#
.......#.......#.............#
.................#.###'###...#
+#########'#####.#.###..######
..##.........#........#
###..#.........#....><∩.#
..##.#.......D.#........#
...#.#.........#@##.##..#
.....'.........D.##.##..#
...#.#.........#.........#
..##.#.........#........[#
###..#..(......#.###....##
..##.........#.. ###### ###
#####'#####.. ..... #... .##
##. #..#


You could see an eight-headed hydra (corroded).

Vanquished Creatures
  Harold (D:7)
  An ugly thing (D:7)
  A cyclops (D:7)
  An elephant (D:8)
  Joseph (D:7)
  A kobold demonologist (D:8)
  A hornet (D:8)
  A shadow (D:9)
  Sigmund (D:6)
  Eustachio (D:4)
  A yak (D:8)
  A basilisk (D:8)
  2 steam dragons
  3 water moccasins
  2 orc warriors
  4 black bears
  3 sky beasts
  3 ogres
  A necrophage (D:6)
  5 centaurs
  4 kobold brigands
  A phantom (D:4)
  A wyvern zombie (D:5)
  5 bullfrogs
  A water moccasin skeleton (D:6)
  A wight (D:9)
  3 howler monkeys
  A centaur zombie (D:8)
  5 orc priests
  7 hounds
  4 jellies
  A gnoll shaman (D:8)
  A centaur skeleton (D:4)
  2 iguanas
  Terence (D:2)
  4 orc wizards
  A killer bee zombie (D:8)
  A howler monkey zombie (D:6)
  13 gnolls
  A howler monkey skeleton (D:6)
  7 adders
  2 shadow imps
  A white imp (D:7)
  2 ufetubi
  2 worms
  3 dart slugs
  24 orcs
  18 ball pythons
  6 bats
  7 endoplasms
  3 giant cockroaches
  8 goblins
  5 hobgoblins
  6 jackals
  24 kobolds
  3 quokkas
  2 frilled lizards
  3 rats (D:2)
219 creatures vanquished.

Vanquished Creatures (others)
  A fungus (D:8)
  A plant (D:8)
2 creatures vanquished.

Grand Total: 221 creatures vanquished

Notes
Turn   | Place    | Note
-------+----------+-------------------------------------------
     0 | D:1      | VictoriousLee the Barachi Fighter began the quest for the
                  | Orb.
     0 | D:1      | Reached XP level 1. HP: 18/18 MP: 1/1
   129 | D:1      | Reached skill level 3 in Long Blades
   205 | D:1      | Reached XP level 2. HP: 24/24 MP: 2/2
   489 | D:1      | Reached skill level 4 in Long Blades
   829 | D:1      | Reached XP level 3. HP: 29/29 MP: 3/3
  1451 | D:2      | Found a faded altar of an unknown god.
  1485 | D:2      | Noticed Terence
  1492 | D:2      | Killed Terence
  1493 | D:2      | Reached skill level 5 in Long Blades
  1493 | D:2      | Reached XP level 4. HP: 16/36 MP: 4/4
  2193 | D:3      | Found Paust's General Store.
  2207 | D:3      | Bought a scroll of identify for 22 gold pieces
  2367 | D:3      | Reached skill level 6 in Long Blades
  2367 | D:3      | Reached XP level 5. HP: 25/41 MP: 5/5
  3041 | D:4      | Noticed Eustachio
  3055 | D:3      | Reached skill level 7 in Long Blades
  3337 | D:4      | Reached XP level 6. HP: 47/47 MP: 6/6
  4070 | D:3      | Reached skill level 8 in Long Blades
  4419 | D:4      | Reached XP level 7. HP: 16/52 MP: 5/7
  4732 | D:4      | Reached skill level 9 in Long Blades
  4739 | D:4      | Killed Eustachio
  4822 | D:4      | Got Cafas's Papyrus of the Oath
  4893 | D:5      | Entered Level 5 of the Dungeon
  4894 | D:5      | Identified the +1 hat of the Marlin {Rampage *Corrode rC-
                  | Str+6}
  4928 | D:5      | Found an ancient bone altar of Kikubaaqudgha.
  4963 | D:5      | Reached skill level 10 in Long Blades
  5128 | D:5      | Reached XP level 8. HP: 34/59 MP: 8/8
  5268 | D:5      | Reached skill level 5 in Shields
  5841 | D:5      | Found Mopyet's Book Shop.
  6451 | D:6      | Found a shadowy altar of Dithmenos.
  6752 | D:6      | Reached skill level 11 in Long Blades
  6791 | D:6      | Found a shimmering altar of Xom.
  7069 | D:6      | Found a sparkling altar of Nemelex Xobeh.
  7198 | D:6      | Reached XP level 9. HP: 64/64 MP: 9/9
  7411 | D:6      | Noticed Sigmund
  7424 | D:6      | Killed Sigmund
  7425 | D:6      | Reached skill level 12 in Long Blades
  7860 | D:7      | Noticed a cyclops
  7877 | D:7      | Killed a cyclops
  7878 | D:7      | Reached skill level 13 in Long Blades
  8321 | D:7      | Noticed a white ugly thing
  8356 | D:7      | Killed a white ugly thing
  8357 | D:7      | Reached skill level 14 in Long Blades
  8785 | D:7      | Found an iron altar of Okawaru.
  8795 | D:7      | Noticed Joseph
  8813 | D:7      | Reached skill level 5 in Fighting
  8834 | D:7      | Killed Joseph
  8835 | D:7      | Reached XP level 10. HP: 44/77 MP: 10/10
  9127 | D:7      | Found Olixt's Weapon Emporium.
  9165 | D:7      | Found a staircase to the Ecumenical Temple.
  9177 | Temple   | Entered the Ecumenical Temple
  9288 | Temple   | Became a worshipper of Gozag Ym Sagoz the Greedy
  9344 | D:7      | Noticed Harold
  9379 | D:7      | Killed Harold
  9903 | D:7      | Learned a level 4 spell: Iskenderun's Mystic Blast
 10035 | D:8      | Noticed an elephant
 10047 | D:8      | Reached skill level 5 in Spellcasting
 10093 | D:8      | Killed an elephant
 10411 | D:8      | Found a staircase to the Lair.
 10873 | D:8      | Found Jerive's CLEARANCE SALE! EVERYTHING MUST GO!.
 10881 | D:8      | Bought a potion of heal wounds for 30 gold pieces
 11094 | D:8      | Found a snail-covered altar of Cheibriados.
 11107 | D:8      | Reached skill level 1 in Conjurations
 11311 | D:5      | Bought a book of Minor Magic for 198 gold pieces
 11316 | D:5      | Learned a level 2 spell: Call Imp
 11423 | D:9      | Found Guewkauq's Antique Weapon Shop.
 11465 | D:9      | Noticed a kobold demonologist
 11472 | D:9      | Reached skill level 1 in Summonings
 11497 | D:9      | Noticed a smoke demon
 11520 | D:8      | Reached XP level 11. HP: 33/84 MP: 21/21
 11752 | D:8      | Noticed a sun demon
 11893 | D:9      | Noticed a cyclops
 12073 | D:9      | Noticed an orc sorcerer
 12074 | D:9      | Noticed a deep elf zephyrmancer
 12084 | D:9      | Noticed a deep elf zephyrmancer
 12087 | D:9      | Paralysed by an orc sorcerer for 6 turns
 12383 | D:9      | Identified a scroll of acquirement
 12383 | D:9      | Acquired the +3 pair of gauntlets of War {Slay+5}
 12383 | D:9      | Found the +3 pair of gauntlets of War {Slay+5}
 12411 | D:9      | Noticed a catoblepas
 12418 | D:9      | Noticed a skeletal warrior
 12725 | Lair:1   | Entered Level 1 of the Lair of Beasts
 12864 | D:9      | Bought an ivory flail for 195 gold pieces
 12864 | D:9      | Identified the +5 flail of the Horn {vorpal, Int+2} (You
                  | bought it in a shop on level 9 of the Dungeon)
 12872 | D:9      | Noticed a seven-headed hydra
 12880 | D:9      | Slain by an eight-headed hydra

Illustrated notes

Levels and vault maps discovered:
D:1:      minmay_arrival_shattered_statue, layout_basic,
          chequers_serial_rivers_micro_b
D:2:      layout_loops_cross, ebering_ecumenical_altar_ruins,
          kennysheep_cross_room, hangedman_feature_mirror, uniq_terence
D:3:      layout_basic, serial_shops, shop, skrybe_limestone_x
D:4:      minmay_door_path, layout_rooms, uniq_eustachio
D:5:      layout_layer_cave, mainiacjoe_overflow_24_doors, serial_shops, shop
D:6:      layout_basic, dk_xom_monty_hall, mainiacjoe_overflow_cross_hatched,
          lemuel_tele_altar, hangedman_abyss_or_decor_stagger, uniq_sigmund
D:7:      layout_loops_cross, okawaru_trees_1, minmay_temple_entry_poolview,
          serial_shops, shop_statue, minmay_three_doors, uniq_harold,
          uniq_joseph
D:8:      wander_river, layout_gridville, nicolae_overflow_crystal_walls,
          david_lair_generic, kennysheep_path_1, nicolae_shop_clearance
D:9:      minmay_the_grid_4x2 [minmay_the_grid_dragon_b,
          minmay_the_grid_odd_star, minmay_the_grid_minigrid_large,
          minmay_the_grid_empty, minmay_the_grid_tri_star,
          minmay_the_grid_eight, minmay_the_grid_diamond_grid,
          minmay_the_grid_prize_inner_circle], layout_gridville,
          mainiacjoe_overflow_paths, hiddenorc2_lemuel, serial_shops, shop
Temple:   dshaligram_water_room_temple
Lair:1:   statuecave_lemuel, layout_cave_pods, serial_bayou_shore_b

Skill      XL: |  1  2  3  4  5  6  7  8  9 10 11 |
---------------+----------------------------------+-----
Long Blades    | 3 4 5 6 7 8 10 11 14 | 14.0
Shields        | 4 7 |  7.0
Fighting       | 6 7 |  7.1
Spellcasting   | 7 |  7.0
Conjurations   | 2 4 |  4.2
Summonings     | 2 4 |  4.2
Armour         | |  3.6

Action                   |  1- 3 |  4- 6 |  7- 9 | 10-12 || total
-------------------------+-------+-------+-------+-------++-------
Melee: Long sword        |    90 |   211 |   367 |   412 ||  1080
       Flail             |       |       |       |     2 ||     2
Throw: Dart              |       |     1 |     7 |     2 ||    10
 Abil: Hop               |       |     5 |       |     2 ||     7
Evoke: Wand              |       |       |     5 |     4 ||     9
  Use: Potion            |     1 |     6 |     3 |     3 ||    13
       Scroll            |       |       |     5 |     7 ||    12
 Stab: Distracted        |       |       |       |     1 ||     1
Armor: Scale mail        |    45 |    98 |   135 |   120 ||   398
       Skin              |       |       |    11 |       ||    11
Dodge: Dodged            |    34 |    80 |    74 |    83 ||   271
Block: Kite shield       |    50 |   140 |   223 |   269 ||   682
       Reflection        |       |       |    11 |    12 ||    23
       Rpst.: Long sword |     8 |    25 |    26 |    17 ||    76
